 Dungeon Crawl Stone Soup version 0.31-a0-188-g5e087ee2ca (webtiles) character file.

Game seed: 2638142904111368247

72 qw the Shooter (level 4, -2/25 HPs)
             Began as a Deep Elf Hunter on June 23, 2023.
             Killed by nerve-wracking pain
             ... invoked by an orc priest
              (14 damage)
             ... on level 3 of the Dungeon.
             The game lasted 00:00:38 (1624 turns).

qw the Shooter (Deep Elf Hunter)                    Turns: 1624, Time: 00:00:39

Health: -2/25      AC:  6    Str: 10    XL:     4   Next: 7%
Magic:  6/6        EV: 11    Int: 14    God:
Gold:   42         SH:  0    Dex: 18    Spells: 3/3 levels left

rFire   . . .        Y - +0 shortbow
rCold   . . .        (shield currently unavailable)
rNeg    . . .        m - +0 ring mail
rPois   .            n - +0 helmet
rElec   .            (no cloak)
rCorr   .            (no gloves)
SInv    .            (no boots)
Will    .....        (no amulet)
Stlth   +            (no ring)
HPRegen 0.24/turn    (no ring)
MPRegen 0.10/turn

%: no passive effects
@: no status effects
A: no striking features
a: no special abilities


You were on level 3 of the Dungeon.
You visited 1 branch of the dungeon, and saw 3 of its levels.

You collected 141 gold pieces.
You spent 99 gold pieces at shops.


   Skills:
 - Level 1.5 Fighting
 + Level 7.5 Ranged Weapons
 - Level 2.4 Dodging
 - Level 1.2 Stealth


You had 3 spell levels left.
You didn't know any spells.
Your spell library was empty.

Inventory:

Hand Weapons
 Y - a +0 shortbow (weapon)
Armour
 m - a +0 ring mail (worn)
 n - a +0 helmet (worn)
Jewellery
 g - a ring of fire
Scrolls
 k - a scroll of identify
Potions
 b - a potion of cancellation {unknown}
 d - a potion of resistance {unknown}
 e - 2 potions of curing
 f - a potion of mutation {unknown}
 l - a potion of haste {unknown}

Dungeon Overview and Level Annotations

Branches:
Dungeon (3/15)

Altars:

Shops:
D:2 [


Message History

You shoot an arrow.
The arrow closely misses the orc priest.
The orc priest calls down the wrath of Beogh upon you.
Pain shoots through your body!
An endoplasm comes into view.
The orc priest hits you but does no damage.
1619 ||| DRINKING potion of heal wounds.
You feel much better.
The orc priest hits you but does no damage.
The orc priest hits you with a +0 mace.
The endoplasm jiggles.
You shoot an arrow. The arrow hits the orc priest.
The orc priest is moderately wounded.
The orc priest hits you but does no damage.
The orc priest closely misses you.
You shoot an arrow. The arrow hits the orc priest.
The orc priest is moderately wounded.
The orc priest hits you but does no damage.
The endoplasm hits you but does no damage.
The orc priest hits you with a +0 mace.
You shoot an arrow. The arrow barely misses the orc priest.
The orc priest closely misses you. The orc priest hits you with a +0 club.
The endoplasm freezes you.
You are frozen.
You shoot an arrow.
The arrow hits the orc priest but does no damage.
The orc priest is moderately wounded.
The orc priest invokes the aid of Beogh against you.
You barely resist.
The endoplasm hits you but does no damage.
The orc priest hits you but does no damage.
You shoot an arrow.
The arrow closely misses the orc priest.
The orc priest hits you but does no damage.
The endoplasm freezes you.
You are frozen.
The orc priest invokes the aid of Beogh against you.
Pain shoots through your body!
Ouch! That really hurt!
You die...

... .# .. .. ..
.# #.#.## #....
...# #.
#oJ##.... #
####@o......
#.#....###.###
#.##.#.#..<...#
#......##.#####
####..<...#
########


You could see 2 orc priests and an endoplasm.

Vanquished Creatures
  A hound (D:2)
  A worm (D:2)
  An orc (D:3)
  3 endoplasms (D:2)
  4 giant cockroaches
  2 goblins (D:1)
  5 hobgoblins
  A quokka (D:1)
  8 ball pythons
  4 bats
  A frilled lizard (D:2)
  2 kobolds
  5 rats
38 creatures vanquished.

Notes
Turn   | Place    | Note
-------+----------+-------------------------------------------
     0 | D:1      | qw the Deep Elf Hunter began the quest for the Orb.
     0 | D:1      | Reached XP level 1. HP: 12/12 MP: 3/3
     0 | D:1      | 0 ||| qw: Version: 0.3-a-9-g12657ce
     0 | D:1      | 0 ||| qw: Game counter: 3279
     0 | D:1      | 0 ||| qw: Always use a shield: true
     0 | D:1      | 0 ||| qw: God list: Okawaru
     0 | D:1      | 0 ||| qw: Allow faded altars: false
     0 | D:1      | 0 ||| qw: Do Orc after D:15 true
     0 | D:1      | 0 ||| qw: Do second Lair branch before Depths: true
     0 | D:1      | 0 ||| qw: Lair rune preference: random
     0 | D:1      | 0 ||| qw: Plans: Normal
     0 | D:1      | 0 ||| PLANNING D:1-11
    98 | D:1      | Found a faded altar of an unknown god.
   180 | D:1      | Reached XP level 2. HP: 16/16 MP: 4/4
   194 | D:1      | Reached skill level 6 in Ranged Weapons
   461 | D:1      | 461 ||| DRINKING 2 clear potions.
   462 | D:1      | 462 ||| DROPPING scroll of butterflies.
   755 | D:2      | Reached XP level 3. HP: 20/20 MP: 5/5
   914 | D:2      | Found Atwoc's Antique Armour Emporium.
   919 | D:2      | 919 ||| BUYING helmet (99 gold).
   919 | D:2      | Bought a helmet for 99 gold pieces
   919 | D:2      | 919 ||| SHOPLISTING pair of boots (99 gold, have 32).
   919 | D:2      | 919 ||| SHOPLISTING tattered robe (125 gold, have 32).
  1454 | D:2      | 1454 ||| UPGRADING to +0 scale mail.
  1464 | D:2      | 1464 ||| DROPPING +0 leather armour.
  1465 | D:2      | 1465 ||| UPGRADING to +0 ring mail.
  1475 | D:2      | 1475 ||| DROPPING +0 scale mail.
  1476 | D:2      | 1476 ||| UPGRADING to +0 helmet.
  1481 | D:2      | 1481 ||| READING scroll labelled EREWNO RELE.
  1482 | D:2      | 1482 ||| READING 2 scrolls labelled PANLAO YTETSYIFFA.
  1483 | D:2      | 1483 ||| DRINKING 2 yellow potions.
  1485 | D:2      | 1485 ||| Stepping ~*~*~tactically~*~*~ (cloud).
  1485 | D:2      | HP: 4/20 [poisoned by you (poison gas)]
  1486 | D:2      | 1486 ||| DRINKING 3 potions of curing.
  1486 | D:2      | 1486 ||| (to cure poison)
  1567 | D:3      | 1567 ||| STAIRDANCE
  1573 | D:2      | Reached skill level 7 in Ranged Weapons
  1573 | D:2      | Reached XP level 4. HP: 19/25 MP: 6/6
  1618 | D:3      | HP: 6/25 [orc priest/nerve-wracking pain (4)]
  1619 | D:3      | 1619 ||| DRINKING potion of heal wounds.
  1624 | D:3      | Killed from afar by an orc priest

Levels and vault maps discovered:
D:1:      minmay_arrival_cross, layout_rooms,
          dreamdust_ecumenical_altar_statues, st_stairs_12
D:2:      layout_basic, serial_shops, shop_statue,
          minmay_randomly_rotated_circles
D:3:      layout_loops_cross, minmay_checkerbox, uniq_crazy_yiuf_cottage

Skill      XL: |  1  2  3 |
---------------+----------+-----
Ranged Weapons | 6 7 |  7.5
Fighting       | |  1.5
Dodging        | |  2.4
Stealth        | |  1.2

Action                     |  1- 3 |  4- 6 || total
---------------------------+-------+-------++-------
   Fire: Shortbow          |    86 |    17 ||   103
    Use: Potion            |     3 |     1 ||     4
         Scroll            |     2 |       ||     2
 Armour: Leather armour    |     4 |       ||     4
         Ring mail         |     2 |     8 ||    10
  Dodge: Dodged            |    25 |     3 ||    28

Table legend:
 A = Non-vault XP
 B = Vault XP
 C = Vault XP percentage of total XP
 D = Non-vault monster count
 E = Vault monster count
 F = Vault count percentage of total count
                 A         B        C        D         E       F
            +---------+---------+-------+---------+---------+-------
      Total |      93 |      11 |  10.6 |      31 |       7 |  18.4
            +---------+---------+-------+---------+---------+-------
        D:1 |      26 |       1 |   3.7 |      17 |       1 |   5.6
        D:2 |      61 |      10 |  14.1 |      11 |       6 |  35.3
        D:3 |       6 |       0 |   0.0 |       3 |       0 |   0.0
            +---------+---------+-------+---------+---------+-------
